 Dungeon Crawl Stone Soup version 0.27.1-34-g3ba077fa99 (webtiles) character file.

Game seed: 17127511863865603621

59 mrnguyen the Sneak (level 4, -3/29 HPs)
             Began as an Octopode Brigand on Dec 3, 2021.
             Was a Follower of Dithmenos.
             Slain by a kobold (5 damage)
             ... on level 3 of the Dungeon on Jan 14, 2022.
             The game lasted 00:07:51 (913 turns).

mrnguyen the Sneak (Octopode Brigand)                Turns: 913, Time: 00:07:52

Health: -3/29      AC:  1    Str: 11    XL:     4   Next: 3%
Magic:  4/4        EV: 12    Int: 13    God:    Dithmenos [*.....]
Gold:   76         SH:  0    Dex: 13    Spells: 3/3 levels left

rFire    . . .     SeeInvis .   a - +2 dagger
rCold    . . .     Faith    .   (no shield)
rNeg     . . .     Spirit   .   (helmet restricted)
rPois    .         Reflect  .   (no amulet)
rElec    .         Harm     .   (no ring)
rCorr    .         Rampage  .   (no ring)
Will     .....                  (no ring)
Stlth    +++++.....             (no ring)
HPRegen  0.09/turn              (no ring)
MPRegen  0.09/turn              (no ring)
                                (no ring)
                                (no ring)

@: slowed, wreathed by umbra, very slow
A: almost no armour, amphibious, 8 rings, camouflage 1, gelatinous body 1,
(nimble swimmer 1), tentacles
a: Renounce Religion


You were on level 3 of the Dungeon.
You worshipped Dithmenos.
Dithmenos was aware of your devotion.
You visited 1 branch of the dungeon, and saw 3 of its levels.

You collected 76 gold pieces.

Inventory:

Hand Weapons
 a - a +2 dagger (weapon)
Missiles
 c - 2 curare-tipped darts (quivered)
Scrolls
 b - a scroll of immolation {unknown}
 e - a scroll of identify {unknown}
 g - a scroll of teleportation {unknown}
Potions
 d - a potion of lignification {unknown}
 f - a potion of heal wounds {unknown}


   Skills:
 + Level 2.0 Fighting
 + Level 2.4 Short Blades
 + Level 2.3 Throwing
 + Level 1.0 Dodging
 + Level 7.0 Stealth


You had 3 spell levels left.
You didn't know any spells.
Your spell library was empty.

Dungeon Overview and Level Annotations

Branches:
Dungeon (3/15)

Altars:
Dithmenos
Okawaru

Annotations:
D:3 Natasha


Innate Abilities, Weirdness & Mutations

You cannot wear most types of armour.
You are amphibious.
You can wear up to eight rings at the same time.
Your skin changes colour to match your surroundings (Stealth+).
Your rubbery body absorbs attacks. (AC +1, EV +1)
((You are camouflaged near water. (Stealth+)))
You have tentacles for arms and can constrict up to eight enemies at once.


Message History

c - 2 curare-tipped darts (gained 1)
f - a metallic orange potion
Found a scroll labelled NAPTUFFAMNU.
g - a scroll labelled NAPTUFFAMNU A bat comes into view.
The helpless bat fails to defend itself.
You impale the bat!!
You kill the bat!
Dithmenos accepts your kill.
You open the door.
A kobold comes into view. It is wielding a +0 whip.
There is an open door here.
A dart slug comes into view.
Natasha hisses angrily.
The kobold shouts!
Natasha mumbles some strange words.
You feel disoriented.
Natasha stares at you and mumbles some strange words.
You feel yourself slow down. Natasha barely misses you.
The kobold throws a stone.
The stone misses you.
You hit Natasha. Your grab misses Natasha.
Natasha is moderately wounded.
Natasha misses you.
The kobold throws a stone.
The stone closely misses you.
Natasha stares at you and mumbles some strange words.
You feel as though you will be slow longer.
The kobold throws a stone.
The stone hits you.
You hit Natasha but do no damage. You grab Natasha.
Natasha is moderately wounded.
You constrict Natasha, but do no damage.
Natasha mumbles some strange words.
The kobold throws a stone.
The stone hits you.
You hit Natasha.
Natasha is heavily wounded.
You constrict Natasha. Natasha claws you!
The kobold throws a stone.
The stone misses you.
You hit Natasha but do no damage.
Natasha is heavily wounded.
You constrict Natasha. Natasha claws you! x2
* * * LOW HITPOINT WARNING * * *
The kobold hits you with a +0 whip.
You die...

############# ###
#<..........# ###...
###########.# # +.....
######.### #. #.....
#........# #.. #.....
#........# #.#...#.....
#.....5K.+ #......<....
#....wh@.##########†....
#........'..............
#........######.........
#......########.#######.
#...............##...##.
###############.#.....#.
#.......#. #.#.....#.
#.##...##.


You could see Natasha, a crimson imp (summoned), a dart slug and a kobold.

Vanquished Creatures
  Terence (D:2)
  2 adders (D:2)
  3 endoplasms
  3 hobgoblins (D:2)
  4 kobolds (D:2)
  A quokka (D:2)
  3 bats (D:3)
  A frilled lizard (D:1)
  2 rats (D:1)
20 creatures vanquished.

Notes
Turn   | Place    | Note
-------+----------+-------------------------------------------
     0 | D:1      | mrnguyen the Octopode Brigand began the quest for the Orb.
     0 | D:1      | Reached XP level 1. HP: 14/14 MP: 1/1
   305 | D:1      | Upgraded the game from 0.27.1-33-g824d729ab1 to
                  | 0.27.1-34-g3ba077fa99
   344 | D:1      | Found a faded altar of an unknown god.
   372 | D:1      | Became a worshipper of Dithmenos the Shadowed
   372 | D:1      | Reached * piety under Dithmenos
   443 | D:2      | Noticed Terence
   450 | D:2      | Reached skill level 6 in Stealth
   450 | D:2      | Reached XP level 2. HP: 13/19 MP: 2/2
   522 | D:3      | Noticed Natasha
   644 | D:2      | Killed Terence
   645 | D:2      | Reached XP level 3. HP: 24/24 MP: 3/3
   797 | D:2      | Reached skill level 7 in Stealth
   819 | D:2      | Found an iron altar of Okawaru.
   856 | D:3      | Reached XP level 4. HP: 29/29 MP: 4/4
   913 | D:3      | Slain by a kobold

Illustrated notes

Levels and vault maps discovered:
D:1:      dpeg_arrival_prison, layout_basic,
          shapermc_ecumenical_altar_mp_highgroup
D:2:      layout_basic, basic_altar, uniq_terence
D:3:      layout_basic, gammafunk_ghost_stat_death, minmay_misc_feat_enclosed,
          uniq_sigmund, uniq_natasha

Skill      XL: |  1  2  3 |
---------------+----------+-----
Stealth        | 6 7 |  7.0
Fighting       | |  2.0
Short Blades   | |  2.4
Throwing       | |  2.3
Dodging        | |  1.0

Action                   |  1- 3 |  4- 6 || total
-------------------------+-------+-------++-------
Melee: Dagger            |    32 |     5 ||    37
       Constrict         |     6 |     1 ||     7
       Tentacles         |     2 |       ||     2
Throw: Dart              |     1 |     1 ||     2
 Stab: Sleeping          |     6 |     1 ||     7
Dodge: Dodged            |    15 |     5 ||    20
